 Dungeon Crawl Stone Soup version 0.21.1-1-g345015f (webtiles) character file.

417 rlgrobin the Skirmisher (level 6, -6/51 HPs)
             Began as a Barachi Fighter on Feb 7, 2018.
             Mangled by Duvessa
             ... wielding a +3 rapier of electrocution
              (19 damage)
             ... on level 4 of the Dungeon.
             The game lasted 00:06:35 (2454 turns).

rlgrobin the Skirmisher (Barachi Fighter)           Turns: 2454, Time: 00:06:36

Health: -6/51      AC: 10    Str: 19    XL:     6   Next: 92%
Magic:  6/6        EV:  7    Int:  8    God:
Gold:   166        SH: 10    Dex: 12    Spells: 5/5 levels left

rFire    + . .     SeeInvis .   v - +3 war axe
rCold    . . .     Gourm    +   c - +0 shield
rNeg     . . .     Faith    .   b - +0 scale mail
rPois    .         Spirit   .   d - +2 helmet
rElec    .         Reflect  .   (no cloak)
rCorr    .         Harm     .   (no gloves)
MR       .....                  (no boots)
Stlth    ..........             t - amulet of the gourmand
HPRegen  0.17/turn              (no ring)
MPRegen  0.10/turn              q - ring of protection from fire

@: slow
A: +LOS, swims, slowness 1, strong legs 1
a: Hop


You were on level 4 of the Dungeon.
You were not hungry.

You visited 1 branch of the dungeon, and saw 4 of its levels.

You collected 166 gold pieces.


Innate Abilities, Weirdness & Mutations

Shadows flee at your approach. (+LOS)
You can swim through water.
You cover ground slowly.
You can hop short distances.


   Skills:
 + Level 5.5 Fighting
 + Level 4.2 Axes
 + Level 5.4 Armour
 + Level 4.9 Shields


You had 5 spell levels left.
You didn't know any spells.

Inventory:

Hand Weapons
 a - a +0 war axe
 v - a +3 war axe (weapon)
Armour
 b - a +0 scale mail (worn)
 c - a +0 shield (worn)
 d - a +2 helmet (worn)
 l - a +0 cloak
 r - a +0 cloak
Magical Staves
 w - an uncursed staff of summoning {unknown}
Jewellery
 q - a ring of protection from fire (right hand)
 t - an amulet of the gourmand (around neck)
Scrolls
 e - a scroll of immolation {unknown}
 g - a scroll of magic mapping {unknown}
 h - 4 scrolls of teleportation {unknown}
 m - a scroll of enchant armour {unknown}
 o - 8 scrolls of identify {unknown}
 s - 3 scrolls of remove curse {unknown}
Potions
 i - a potion of lignification {unknown}
 j - a potion of heal wounds {unknown}
 k - 2 potions of degeneration {unknown}
 p - a potion of brilliance {unknown}
 u - a potion of flight {unknown}
Comestibles
 f - 4 rations

Dungeon Overview and Level Annotations

Branches:
Dungeon (4/15)
 Temple: D:4-7

Altars:
Uskayaw

Annotations:
D:4 Duvessa

▒▒ ▒▒. ▒▒ ▒▒.. .▒▒
▒..▒ ▒.. ▒...▒.. ▒
▒.▒... .. ▒.▒▒.▒▒▒.▒
▒▒▒▒▒▒▒▒▒▒▒▒.▒▒.....▒
▒▒..............Fe..)▒
.......▒▒▒▒▒▒.▒▒▒)...▒
.▒.▒▒▒.▒ ▒.▒ ........
.▒.▒ ▒.▒ ▒.. ........
.▒.▒ ▒.▒ ▒▒▒▒▒▒▒
▒▒..▒▒▒▒
.▒.▒▒▒.▒▒▒...▒ ..▒
.▒.........▒.▒ .▒
.▒▒▒▒▒.▒▒▒...▒ .▒
.......▒ ▒▒.▒▒ ▒


You could see Duvessa (berserk).


Message History

You take 4 damage, and have 27/51 hp!
You are too injured to fight recklessly!!!
You are too injured to fight recklessly!!!
You are too injured to fight recklessly!!!
You don't know any spells!
You don't know any spells!
You don't know any spells!
You don't know any spells!
You don't know any spells!
You slice Dowan like a ripe choko!
Dowan is severely wounded!
You closely miss Duvessa!
Duvessa hits you with a rapier of electrocution! * * * don't die
* * * You block Dowan's attack!
You take 3 damage, and have 24/51 hp!
You closely miss Dowan!
Dowan is severely wounded!
You cut Duvessa into ribbons! Dowan hits you but does no damage!
You block Duvessa's attack!
You carve Dowan like a ham!
You annihilate Dowan!!!
Duvessa screams in rage!
Duvessa goes berserk!!!
You completely miss Duvessa!
Duvessa hits you with a rapier of electrocution!!! * * * don't die
* * * Duvessa hits you with a rapier of electrocution! * * * don't die
* * * You are electrocuted!!! rip

Action                   |  1- 3 |  4- 6 || total
-------------------------+-------+-------++-------
Melee: War axe           |   102 |   118 ||   220
  Use: Potion            |     1 |       ||     1
  Eat: Chunk             |     1 |    13 ||    14
Armor: Scale mail        |    52 |    36 ||    88
Dodge: Dodged            |    33 |    33 ||    66
Block: Shield            |    69 |    54 ||   123

Vault maps used:
D:1:      minmay_arrival_checkered_box, serial_forest,
          infiniplex_forest_clump_diagonal, infiniplex_forest_zigzag_2,
          infiniplex_forest_clump_medium, infiniplex_forest_zigzag_1,
          infiniplex_forest_lined_3_way, infiniplex_forest_lined_3,
          infiniplex_forest_clump_small, infiniplex_forest_corner_2
D:2:      lemuel_doored_altar, first_ration, kennysheep_generic_room_10,
          uniq_robin
D:3:      chequers_ecumenical_altar_simple_redux
D:4:      uniq_blork_the_orc, uniq_duvessa

Notes
Turn   | Place    | Note
-------+----------+-------------------------------------------
     0 | D:1      | rlgrobin the Barachi Fighter began the quest for the Orb.
     0 | D:1      | Reached XP level 1. HP: 18/18 MP: 1/1
    67 | D:1      | Reached XP level 2. HP: 25/25 MP: 2/2
   277 | D:1      | Reached skill level 4 in Fighting
   410 | D:1      | Reached skill level 4 in Armour
   440 | D:1      | Reached XP level 3. HP: 30/30 MP: 3/3
   838 | D:2      | Found a hide-covered altar of Uskayaw.
  1040 | D:2      | Noticed Robin
  1061 | D:2      | Killed Robin
  1061 | D:2      | Reached skill level 3 in Axes
  1061 | D:2      | Reached XP level 4. HP: 20/38 MP: 4/4
  1485 | D:2      | Reached skill level 4 in Shields
  1573 | D:2      | Reached XP level 5. HP: 32/43 MP: 5/5
  1966 | D:3      | Found a faded altar of an unknown god.
  2115 | D:3      | Noticed an ogre
  2121 | D:3      | Killed an ogre
  2121 | D:3      | Reached skill level 5 in Fighting
  2121 | D:3      | Reached skill level 5 in Armour
  2121 | D:3      | Reached XP level 6. HP: 37/51 MP: 6/6
  2397 | D:4      | Noticed a phantom
  2416 | D:4      | Killed a phantom
  2416 | D:4      | Reached skill level 4 in Axes
  2442 | D:4      | Noticed Dowan
  2443 | D:4      | Noticed Duvessa
  2454 | D:4      | Killed Dowan
  2454 | D:4      | Mangled by Duvessa

Vanquished Creatures
  An ogre (D:3)
  A phantom (D:4)
  Dowan (D:4)
  A howler monkey (D:2)
  Robin (D:2)
  4 adders
  3 oozes
  4 worms
  A dart slug (D:2)
  3 leopard geckos
  An orc (D:3)
  A ball python (D:2)
  5 bats
  A giant cockroach (D:3)
  14 hobgoblins
  6 jackals
  7 kobolds
  6 frilled lizards
  14 goblins
  12 rats
87 creatures vanquished.
